 Dungeon Crawl Stone Soup version 0.29.1-12-g30fa7ad0bf (webtiles) character file.

Game seed: 6160902811269524754

377110 112233 the Acrobat (level 22, -1/176 HPs)
             Began as an Octopode Gladiator on Dec 25, 2022.
             Was an Initiate of Gozag.
             Slain by Mennas
             ... wielding a +4 eudemon blade of holy wrath
              (4 damage)
             ... on level 3 of the Vaults.
             The game lasted 01:33:16 (60884 turns).

112233 the Acrobat (Octopode Gladiator)            Turns: 60884, Time: 01:33:17

Health: -1/176     AC:  6    Str: 29    XL:     22   Next: 80%
Magic:  35/35      EV: 38    Int: 23    God:    Gozag
Gold:   3307       SH:  0    Dex: 29    Spells: 27/40 levels left

rFire   + + +      SeeInvis .   G - +9 lajatang (vorpal)
rCold   . . .      Faith    .   (shield currently unavailable)
rNeg    . . .      Spirit   .   b - +1 hat
rPois   .          Reflect  .   x - amulet of regeneration
rElec   +          Harm     .   u - +6 ring of dexterity
rCorr   +          Rampage  .   l - +4 ring of slaying
Will    +++++                   Q - +10 ring of dexterity
Stlth   +++.......              C - +4 ring of slaying
HPRegen 1.19/turn               y - ring "Paanyrphuz" {*Corrode rElec rF+ Will+++ AC+4}
MPRegen 0.24/turn               M - +2 ring of slaying
                                L - ring of Lady Luck {rF+ Will+ rCorr Str+6}
                                Y - +9 ring of strength

@: gold aura, hasted, glowing, studying 4 skills, silenced, very quick
A: almost no armour, amphibious, 8 rings, camouflage 1, gelatinous body 1,
(nimble swimmer 1), tentacles, clever 1, fire resistance 1, MP-powered wands
}: 2/15 runes: serpentine, barnacled
a: Renounce Religion


You were on level 3 of the Vaults.
You worshipped Gozag.
Gozag was most pleased with you.
You visited 8 branches of the dungeon, and saw 37 of its levels.
You also visited: Bailey.

You collected 17139 gold pieces.
You spent 10570 gold pieces at shops.
You paid 3262 gold pieces to Gozag.

Inventory:

Hand Weapons
 n - the +3 Elemental Staff {rElec rF++ rC++ AC+5}
   (You bought it in a shop on level 3 of the Snake Pit)

   If the wielder is skilled in Evocations, they can discharge powerful blasts
   of elemental energy when striking with it.
   It enhances your fire, ice, earth and air magic.
   AC:        It affects your AC (+5).
   rF:        It greatly protects you from fire.
   rC:        It greatly protects you from cold.
   rElec:     It insulates you from electricity.
 G - a +9 vorpal lajatang (weapon)
Missiles
 c - 13 throwing nets (quivered)
Armour
 b - a +1 hat (worn)
 H - a +3 buckler of reflection
Magical Staves
 S - a staff of earth
Jewellery
 l - a +4 ring of slaying (right tentacle)
 t - a +6 ring of intelligence
 u - a +6 ring of dexterity (left tentacle)
 x - an amulet of regeneration (around mantle)
 y - the ring "Paanyrphuz" (on tentacle) {*Corrode rElec rF+ Will+++ AC+4}
   (You acquired it on level 7 of the Dungeon)

   [ring of protection]

   AC:        It affects your AC (+4).
   rF:        It protects you from fire.
   rElec:     It insulates you from electricity.
   *Corrode:  It may corrode you when you take damage.
   Will:      It greatly increases your willpower.
 C - a +4 ring of slaying (on tentacle)
 I - a +4 ring of protection
 L - the ring of Lady Luck (on tentacle) {rF+ Will+ rCorr Str+6}
   (You bought it in a shop on level 3 of the Dungeon)

   [ring of willpower]

   Str:       It affects your strength (+6).
   rF:        It protects you from fire.
   rCorr:     It protects you from acid and corrosion.
   Will:      It increases your willpower.
 M - a +2 ring of slaying (on tentacle)
 P - a ring of wizardry
 Q - a +10 ring of dexterity (on tentacle)
 Y - a +9 ring of strength (on tentacle)
Wands
 d - a wand of acid (2)
 z - a wand of iceblast (20)
 O - a wand of digging (6)
 R - a wand of paralysis (14)
Scrolls
 e - 8 scrolls of amnesia
 f - 11 scrolls of teleportation
 g - 8 scrolls of magic mapping
 j - 3 scrolls of torment
 q - 2 scrolls of summoning
 r - 10 scrolls of fog
 B - 9 scrolls of fear
 N - 10 scrolls of poison
 T - 16 scrolls of identify
 U - 3 scrolls of silence
 X - 3 scrolls of blinking
Potions
 h - 2 potions of invisibility
 i - 4 potions of haste
 k - 7 potions of ambrosia
 o - 8 potions of might
 p - 6 potions of mutation
 s - 4 potions of magic
 v - 17 potions of curing
 w - 4 potions of resistance
 A - 13 potions of heal wounds
 D - 4 potions of berserk rage
 F - 5 potions of cancellation
 J - 5 potions of flight
 V - 7 potions of brilliance
Miscellaneous
 a - a tin of tremorstones (2/2)
 m - a phantom mirror
 E - a lightning rod (4/4)
 K - a condenser vane (inert)
 W - a box of beasts (inert)
 Z - a phial of floods


   Skills:
 + Level 22.2 Fighting
 - Level 18.2 Staves
 - Level 2.1 Throwing
 + Level 22.3 Dodging
 + Level 12.5 Stealth
 * Level 9.9 Spellcasting
 + Level 9.0 Transmutations
 - Level 7.0 Earth Magic
 + Level 11.5 Evocations


You had 27 spell levels left.
You knew the following spells:

 Your Spells              Type           Power      Damage    Failure   Level
a - Wereblood             Tmut           52%        N/A       1%          2
b - Statue Form           Tmut/Erth      32%        N/A       32%         6
c - Lee's Rapid Deconstr  Erth           21%        3d13*     9%          5

Your spell library contained the following spells:

 Spells                   Type           Power      Damage    Failure   Level
 Beastly Appendage        Tmut           100%       N/A       1%          1
 Sting                    Tmut/Pois      100%       1d8       1%          1
 Petrify                  Tmut/Erth      48%        N/A       1%          4
 Ignite Poison            Fire/Tmut/Pois 25%        N/A       4%          3
 Foxfire                  Conj/Fire      44%        2x1d6     6%          1
 Magic Dart               Conj           44%        1d5       6%          1
 Necrotise                Necr           44%        1d6       6%          1
 Shock                    Conj/Air       44%        1d5       6%          1
 Searing Ray              Conj           22%        2d5       9%          2
 Static Discharge         Conj/Air       11%        3-5/arc   9%          2
 Sublimation of Blood     Necr           11%        N/A       9%          2
 Ice Form                 Ice/Tmut       32%        N/A       9%          4
 Leda's Liquefaction      Hex/Erth       13%        N/A       14%         4
 Call Canine Familiar     Summ           11%        N/A       17%         3
 Conjure Flame            Conj/Fire      11%        6-21      17%         3
 Ozocubu's Armour         Ice            11%        N/A       17%         3
 Portal Projectile        Hex/Tloc       22%        N/A       17%         3
 Summon Guardian Golem    Hex/Summ       11%        N/A       17%         3
 Vampiric Draining        Necr           11%        2d6       17%         3
 Anguish                  Hex/Necr       5%         N/A       50%         4
 Dispel Undead            Necr           11%        3d9       50%         4
 Flame Wave               Conj/Fire      11%        2d6       50%         4
 Fulminant Prism          Conj/Hex       5%         3d7       50%         4
 Hailstorm                Conj/Ice       11%        3d5       50%         4
 Passage of Golubria      Tloc           11%        N/A       50%         4
 Sticky Flame             Conj/Fire      11%        2d3       50%         4
 Summon Ice Beast         Ice/Summ       11%        N/A       50%         4
 Agony                    Necr           11%        N/A       85%         5
 Silence                  Hex/Air        5%         N/A       85%         5
 Summon Mana Viper        Hex/Summ       11%        N/A       85%         5
 Dispersal                Tloc           5%         N/A       100%        6
 Enfeeble                 Hex            5%         N/A       100%        7
 Malign Gateway           Summ/Tloc      5%         N/A       100%        7
 Monstrous Menagerie      Summ           5%         N/A       100%        7
 Ozocubu's Refrigeration  Ice            5%         4d8       100%        7
 Summon Hydra             Summ           5%         N/A       100%        7
 Disjunction              Tloc           5%         N/A       100%        8
 Lehudib's Crystal Spear  Conj/Erth      13%        10d5      100%        8
 Summon Horrible Things   Summ           5%         N/A       100%        8
 Polar Vortex             Ice            5%         N/A       100%        9
 Animate Armour           Summ/Erth      Unusable   N/A       N/A         4
 Simulacrum               Ice/Necr       Unusable   N/A       N/A         6

Dungeon Overview and Level Annotations

Branches:
Dungeon (15/15)            Temple (1/1) D:7            Lair (5/5) D:10
 Shoals (4/4) Lair:3        Snake (4/4) Lair:3        Slime (0/5) Lair:4
    Orc (2/2) D:10            Elf (3/3) Orc:2        Vaults (3/5) D:13
  Crypt (0/3) Vaults:3     Depths (0/4) D:15         Bailey (visited)

Altars:
Ashenzari
Cheibriados
Dithmenos
Elyvilon
Fedhas
Gozag
Hepliaklqana
Kikubaaqudgha
Makhleb
Nemelex Xobeh
Okawaru
Qazlal
Ru
Sif Muna
Trog
Uskayaw
Vehumet
Wu Jian
Xom
Yredelemnul
Zin
The Shining One
Jiyva

Shops:
D:3 =   D:11 [   Orc:2 **!?(   Elf:2 !   Shoals:2 ?   Shoals:3 ?   Snake:3 [?!(
Vaults:3 [

Annotations:
D:6 exclusion: upstairs
D:9 exclusion: upstairs
D:10 exclusion: upstairs
D:12 4 runed translucent doors
Lair:1 3 runed translucent doors, exclusions: downstairs and oklob plant, GeoRichter's ghost, journeyman DsWn
Lair:2 exclusion: downstairs
Lair:3 3 runed translucent doors, exclusion: downstairs, Huasawuy's ghost, journeyman TrHW
Lair:4 1 runed translucent door, exclusion: 4 oklob plants, Merkmiralles's ghost, journeyman MiBe
Shoals:1 3 runed translucent doors, sangerfol's ghost, adept FoFi
Shoals:4 3 runed translucent doors, DildoBatman's ghost, adept FoCj
Snake:1 3 runed translucent doors, LaMa's ghost, journeyman MfGl
Snake:3 exclusion: downstairs
Snake:4 1 runed translucent door, vinnietd's ghost, adept HaFi
Orc:1 Rupert
Orc:2 3 runed translucent doors, peterlawrence's ghost, journeyman MiFi
Elf:2 3 runed translucent doors
Vaults:3 Mennas; Sojobo


Innate Abilities, Weirdness & Mutations

You cannot wear most types of armour.
You are amphibious.
You can wear up to eight rings at the same time.
Your skin changes colour to match your surroundings (Stealth+).
Your rubbery body absorbs attacks. (AC +1, EV +1)
((You are camouflaged when in or above water. (Stealth+)))
You have tentacles for arms and can constrict up to eight enemies at once.
Your mind is acute. (Int +4, Str/Dex -1)
Your flesh is heat resistant. (rF+)
You expend magic power (3 MP) to strengthen your wands.


Message History

The tengu reaver hits your juvenile weirdfire beast from afar with a +1 glaive!
Unknown command.
Okay, then.
Okay, then.
Unknown command.
You feel much better.
You constrict Mennas. Mennas barely misses you.
Mennas hits you with a +4 eudemon blade of holy wrath!!
Your juvenile weirdfire beast hits Mennas.
The ironbound thunderhulk is engulfed in poison gas.
The ironbound thunderhulk looks even sicker.
The tengu reaver is engulfed in poison gas.
The tengu reaver looks as sick as possible!
You kill the tengu reaver!
You feel much better.
You constrict Mennas.
Mennas hits you with a +4 eudemon blade of holy wrath!!!
* * * LOW HITPOINT WARNING * * *
Mennas completely misses you.
Your juvenile weirdfire beast hits Mennas.
Mennas completely misses you. x2
The ironbound thunderhulk is engulfed in poison gas.
The ironbound thunderhulk looks even sicker.
You release your grip on Mennas.
Mennas hits your juvenile weirdfire beast with a +4 eudemon blade of holy wrath!!
Mennas hits your juvenile weirdfire beast with a +4 eudemon blade of holy wrath!
Your juvenile weirdfire beast dies!
Your juvenile weirdfire beast's corpse disappears in a puff of smoke!
The ironbound thunderhulk is engulfed in poison gas.
The ironbound thunderhulk looks as sick as possible!
You feel yourself speed up.
Sojobo is engulfed in poison gas.
Sojobo looks even sicker.
The ironbound thunderhulk is engulfed in poison gas.
The ironbound thunderhulk looks as sick as possible!
Electricity crackles from the ironbound thunderhulk's apparatus.
The bolt of lightning hits you. You resist.
* * * LOW HITPOINT WARNING * * *
Mennas hits you with a +4 eudemon blade of holy wrath!!!
* * * LOW HITPOINT WARNING * * *
Mennas hits you with a +4 eudemon blade of holy wrath.
You die...
Your body crumbles into a pile of gold.

##########################
#.........................
#.........................
#.........................
#.........................
#...............@A.§§Q☼§..
#..................§O§§§..
#..................§§§§§..
#..............###+###....
#..............# #...
#..............## #..
#...............# #.
#...######'####.. #...#
#..#


You could see Mennas (silencing), Sojobo (repels missiles, very poisoned) and an
ironbound thunderhulk (unsilenced, extremely poisoned).

Vanquished Creatures
  Bai Suzhen (Elf:2)
  Saint Roka (Orc:2)
  Vashnia (Snake:4)
  Jorgrun (Elf:1)
  5 deep elf master archers (Elf:3)
  3 deep elf blademasters (Elf:3)
  2 krakens
  5 sphinxes
  3 tengu reavers
  A storm dragon (Vaults:2)
  5 nagarajas
  Ilsuiw (Shoals:2)
  Roxanne (Elf:3)
  A fire giant (Vaults:1)
  A frost giant (Shoals:4)
  5 vault wardens
  6 deep elf sorcerers
  2 orc warlords
  3 deep elf elementalists (Elf:3)
  Louise (Elf:3)
  14 ironbound preservers
  Aizul (Elf:3)
  A very ugly thing (Vaults:1)
  4 war gargoyles
  A stone giant (Vaults:1)
  2 ironbound thunderhulks (Vaults:3)
  2 deep elf demonologists
  6 deep elf annihilators
  An entropy weaver (shapeshifter) (Vaults:2)
  12 dire elephants
  An entropy weaver (Vaults:3)
  A minotaur (Shoals:1)
  Snorg (Lair:4)
  2 crystal guardians
  8 deep elf death magi
  2 ettins
  5 merfolk impalers
  A deep elf high priest (Elf:3)
  13 merfolk javelineers
  A fire dragon (Vaults:2)
  2 great orbs of eyes (Vaults:3)
  4 yaktaur captains
  A rakshasa (D:14)
  3 peacekeepers
  5 merfolk avatars
  5 ogre magi
  2 catoblepae
  7 vault guards (Vaults:2)
  10 merfolk aquamancers
  A boulder beetle (Vaults:1)
  3 salamander tyrants
  A satyr (Shoals:1)
  An alligator snapping turtle (Shoals:3)
  4 ironbound frosthearts
  19 dancing weapons
  21 two-headed ogres
  Erica (D:8)
  9 centaur warriors
  6 death yaks
  15 anacondas
  8 hydras
  2 tengu warriors (D:15)
  14 naga warriors
  6 shock serpents
  2 orc high priests
  A titan zombie (Vaults:3)
  13 deep elf knights
  8 naga sharpshooters
  Nergalle (Lair:1)
  7 salamander mystics
  A shadow wraith (Vaults:1)
  A titan skeleton (Vaults:2)
  22 sea snakes
  A lindwurm (shapeshifter) (Vaults:2)
  10 naga ritualists
  A kraken simulacrum (Shoals:4)
  12 deep elf archers
  40 deep trolls
  9 lindwurms
  4 wizards
  An orc knight (Orc:2)
  2 necromancers
  16 ironbound convokers
  30 deep elf zephyrmancers
  28 deep elf pyromancers
  11 harpies
  3 orc sorcerers (Orc:1)
  9 mana vipers
  12 cyclopes
  4 ugly things
  16 salamanders
  6 fauns
  24 manticores
  An elf zombie (Vaults:3)
  7 merfolk sirens
  An eye of devastation (shapeshifter) (D:14)
  2 guardian serpents (Snake:4)
  14 naga magi
  3 elephants
  5 water nymphs
  44 black mambas
  5 vault sentinels
  2 torpor snails
  18 cane toads
  Joseph (Lair:1)
  A cane toad (shapeshifter) (Elf:3)
  2 human zombies
  An unseen horror (D:12)
  3 rime drakes
  3 kobold demonologists
  12 komodo dragons
  A yaktaur (shapeshifter) (D:14)
  An efreet (D:9)
  A freezing wraith (D:15)
  16 yaktaurs
  A queen bee (shapeshifter) (D:13)
  6 wind drakes
  2 hornets
  4 polar bears
  7 trolls
  3 meliai
  A polar bear (shapeshifter) (D:13)
  Prince Ribbit (D:7)
  30 merfolk
  15 snapping turtles
  13 dream sheep
  12 blink frogs
  20 slime creatures
  Sigmund (D:2)
  An air elemental (Elf:2)
  A spriggan (shapeshifter) (D:13)
  2 vampires
  2 wraiths
  A shadow (D:12)
  A wyvern (shapeshifter) (Vaults:2)
  16 water elementals
  3 wyverns
  32 yaks
  3 fire bats (Lair:1)
  A yak (shapeshifter) (D:12)
  4 basilisks
  6 fire elementals
  A steam dragon (D:6)
  6 vampire mosquitoes
  4 wargs
  34 nagas
  3 acid dragons
  A floating eye (Vaults:2)
  17 water moccasins
  A glowing shapeshifter skeleton (Vaults:2)
  An acid dragon (shapeshifter) (Elf:2)
  3 ice beasts
  22 orc warriors
  An ogre (shapeshifter) (D:14)
  7 black bears
  27 ogres
  7 wolves
  2 boggarts
  20 centaurs
  An elf simulacrum (Vaults:2)
  A phantom (D:4)
  3 kobold brigands
  10 bullfrogs
  An earth elemental (Elf:1)
  A gnoll sergeant (D:8)
  5 scorpions
  A necrophage (D:6)
  23 wights
  13 killer bees
  2 electric eels
  5 howler monkeys
  2 hounds
  An iron imp (D:8)
  3 jellies
  13 orc priests
  A gnoll bouda (D:5)
  4 iguanas
  Ijyb (D:5)
  Natasha (thrice) (D:2)
  28 orc wizards
  24 gnolls
  5 adders
  3 white imps
  2 worms
  A dart slug (D:4)
  70 orcs
  5 ball pythons
  8 bats
  12 endoplasms
  8 goblins
  9 hobgoblins
  6 jackals
  5 quokkas
  2 frilled lizards (D:1)
  26 kobolds
  7 rats
1378 creatures vanquished.

Vanquished Creatures (others)
  A wizard (D:14)
  A deep elf pyromancer (Elf:2)
  An orc (Orc:1)
  3 bushes (Lair:5)
  75 fungi
  119 plants
  14 tentacles
  9 toadstools (D:4)
223 creatures vanquished.

Grand Total: 1601 creatures vanquished

Notes
Turn   | Place    | Note
-------+----------+-------------------------------------------
     0 | D:1      | 112233 the Octopode Gladiator began the quest for the Orb.
     0 | D:1      | Reached XP level 1. HP: 14/14 MP: 1/1
   258 | D:1      | Reached XP level 2. HP: 12/19 MP: 2/2
   788 | D:1      | Reached XP level 3. HP: 21/25 MP: 3/3
  1457 | D:2      | Noticed Natasha
  1474 | D:2      | Killed Natasha
  1732 | D:2      | Noticed Sigmund
  1747 | D:2      | Killed Sigmund
  1748 | D:2      | Reached XP level 4. HP: 22/33 MP: 4/4
  1748 | D:2      | Reached XP level 5. HP: 25/37 MP: 5/5
  1845 | D:2      | Noticed Natasha
  1851 | D:2      | Killed Natasha
  1852 | D:2      | Reached XP level 6. HP: 19/43 MP: 6/6
  1965 | D:2      | Noticed Natasha
  1970 | D:2      | Killed Natasha
  2343 | D:3      | Found a faded altar of an unknown god.
  2483 | D:3      | Found Mexinos's One-of-a-Kind Rings.
  2597 | D:3      | Found a white marble altar of Elyvilon.
  2603 | D:3      | Found a burning altar of Makhleb.
  2606 | D:3      | Found a glowing silver altar of Zin.
  2608 | D:3      | Found a sparkling altar of Nemelex Xobeh.
  2614 | D:3      | Found a blossoming altar of Fedhas.
  2843 | D:3      | Found a shimmering altar of Xom.
  2846 | D:3      | Found a shimmering altar of Xom.
  2848 | D:3      | Found a shimmering altar of Xom.
  3283 | D:5      | Entered Level 5 of the Dungeon
  3333 | D:6      | Noticed a steam dragon
  3362 | D:6      | Reached skill level 5 in Staves
  3362 | D:6      | Reached skill level 5 in Dodging
  3362 | D:6      | Reached XP level 7. HP: 33/49 MP: 7/7
  3510 | D:7      | Found a flagged portal.
  3521 | Bailey   | Entered a bailey
  3526 | Bailey   | Noticed an orc warlord
  3834 | Bailey   | Reached skill level 5 in Fighting
  4051 | Bailey   | Found a runed translucent gate.
  4054 | Bailey   | Found a runed translucent gate.
  4056 | Bailey   | Found a runed translucent gate.
  4441 | D:7      | Acquired the ring "Paanyrphuz" {*Corrode rElec rF+ Will+++
                  | AC+4}
  4468 | D:7      | Found a staircase to the Ecumenical Temple.
  4527 | Temple   | Entered the Ecumenical Temple
  4584 | Temple   | Became a worshipper of Gozag Ym Sagoz the Greedy
  4616 | D:7      | Noticed a wyvern
  4638 | D:7      | Killed a wyvern
  4639 | D:7      | Reached XP level 8. HP: 44/56 MP: 4/8
  5072 | D:6      | Found a broken altar of Ashenzari.
  6212 | D:4      | Gained mutation: You expend magic power (3 MP) to
                  | strengthen your wands. [potion of mutation]
  6212 | D:4      | Gained mutation: Your flesh is heat resistant. (rF+)
                  | [potion of mutation]
  6212 | D:4      | Gained mutation: Your mind is acute. (Int +4, Str/Dex -1)
                  | [potion of mutation]
  6563 | D:5      | Reached XP level 9. HP: 63/63 MP: 9/9
  6999 | D:5      | Noticed Ijyb
  7009 | D:5      | Killed Ijyb
  8054 | D:6      | Found an iron altar of Okawaru.
  8227 | D:7      | Noticed Prince Ribbit
  8236 | D:7      | Killed Prince Ribbit
  8237 | D:7      | Reached XP level 10. HP: 67/72 MP: 8/10
  8386 | D:7      | Found a bloodstained altar of Trog.
  9125 | D:10     | Entered Level 10 of the Dungeon
  9448 | D:10     | Noticed a kobold demonologist
  9451 | D:10     | Noticed a sun demon
  9460 | D:10     | Noticed a sun demon
  9460 | D:10     | Killed a kobold demonologist
  9602 | D:9      | Found an ornate altar of the Wu Jian Council.
  9688 | D:9      | Found a basalt altar of Yredelemnul.
  9768 | D:8      | Noticed a two-headed ogre
 10014 | D:3      | Bought the ring of Lady Luck {rF+ Will+ rCorr Str+6} for
                  | 629 gold pieces
 10014 | D:3      | Bought a +2 ring of slaying for 231 gold pieces
 10227 | D:8      | Noticed Erica
 10404 | D:9      | Noticed a centaur warrior
 10404 | D:9      | Noticed a catoblepas
 10688 | D:10     | Found a staircase to the Lair.
 10700 | D:10     | Reached skill level 10 in Staves
 10725 | D:10     | Reached XP level 11. HP: 77/81 MP: 11/11
 10727 | D:10     | Reached skill level 10 in Dodging
 10981 | D:10     | Reached skill level 10 in Fighting
 10984 | D:10     | Found a staircase to the Orcish Mines.
 10995 | Orc:1    | Entered Level 1 of the Orcish Mines
 11002 | Orc:1    | Noticed an orc sorcerer
 11628 | Orc:1    | Killed an orc sorcerer
 11930 | Orc:1    | Noticed an orc sorcerer
 11949 | Orc:1    | Killed an orc sorcerer
 12107 | Orc:2    | Entered Level 2 of the Orcish Mines
 12107 | Orc:2    | Found a staircase to the Elven Halls.
 12206 | Orc:2    | Noticed a two-headed ogre
 12244 | Orc:2    | Noticed Rupert
 12742 | D:8      | Killed a two-headed ogre
 12952 | D:8      | Found a snail-covered altar of Cheibriados.
 13004 | D:8      | Learned a level 2 spell: Wereblood
 13231 | D:8      | Killed Erica
 13560 | D:3      | Bought a +10 ring of dexterity for 1001 gold pieces
 13941 | D:9      | Killed a centaur warrior
 14275 | D:9      | Reached XP level 12. HP: 55/90 MP: 7/12
 14419 | D:9      | Reached XP level 13. HP: 98/98 MP: 13/13
 15130 | Lair:1   | Entered Level 1 of the Lair of Beasts
 15137 | Lair:1   | Found a runed translucent gate.
 15137 | Lair:1   | Found a runed translucent gate.
 15137 | Lair:1   | Found a runed translucent gate.
 15197 | Lair:1   | Noticed Joseph
 15210 | Lair:1   | Killed Joseph
 15704 | Lair:1   | Noticed Nergalle
 15718 | Lair:1   | Killed Nergalle
 16461 | Lair:1   | Found a viscous altar of Jiyva.
 16461 | Lair:1   | Noticed GeoRichter's ghost (journeyman DsWn)
 19064 | Lair:3   | Found a staircase to the Snake Pit.
 19115 | Lair:3   | Found a runed translucent gate.
 19129 | Lair:3   | Noticed Huasawuy's ghost (journeyman TrHW)
 19155 | Lair:3   | Found a runed translucent gate.
 19162 | Lair:3   | Found a runed translucent gate.
 19954 | Lair:3   | Found a staircase to the Shoals.
 20125 | Lair:4   | Reached XP level 14. HP: 108/108 MP: 14/14
 20619 | D:3      | Bought a +9 ring of strength for 858 gold pieces
 20866 | D:11     | Found a hide-covered altar of Uskayaw.
 21095 | D:11     | Found Herim's Antique Armour Shop.
 21483 | D:12     | Reached skill level 15 in Dodging
 21491 | D:12     | Reached skill level 15 in Fighting
 21535 | D:12     | Learned a level 6 spell: Statue Form
 21735 | D:12     | Found a runed translucent door.
 22052 | D:12     | Found a runed translucent door.
 22185 | D:12     | Found a runed translucent door.
 22524 | Lair:4   | Found a runed translucent door.
 22526 | Lair:4   | Identified the +1 spear of Gicuticu {drain, *Slow rPois
                  | rC+++ MP+9}
 22526 | Lair:4   | Noticed Merkmiralles's ghost (journeyman MiBe)
 22820 | Lair:4   | Found a viscous altar of Jiyva.
 22820 | Lair:4   | Found a staircase to the Slime Pits.
 22876 | Lair:4   | Noticed Snorg
 22891 | Lair:4   | Killed Snorg
 23634 | Lair:5   | Entered Level 5 of the Lair of Beasts
 24105 | Lair:5   | Acquired a manual of Staves
 25069 | Lair:5   | Identified the +3 scale mail of Pandemonium {Dex+4}
 26281 | Orc:1    | Reached XP level 15. HP: 112/118 MP: 15/15
 26903 | Orc:2    | Found Leuluis's Distillery.
 26903 | Orc:2    | Found Fireyxke's General Store.
 26904 | Orc:2    | Found Mougene's Weapon Boutique.
 26904 | Orc:2    | Found Xiatwiagoda's Magic Scroll Shoppe.
 27027 | Orc:2    | Bought a potion of heal wounds for 90 gold pieces
 27027 | Orc:2    | Bought a potion of curing for 54 gold pieces
 27027 | Orc:2    | Bought a potion of curing for 54 gold pieces
 27027 | Orc:2    | Bought a potion of magic for 144 gold pieces
 27027 | Orc:2    | Bought a potion of haste for 180 gold pieces
 27031 | Orc:2    | Bought a scroll of teleportation for 39 gold pieces
 27031 | Orc:2    | Bought a scroll of fear for 52 gold pieces
 27031 | Orc:2    | Bought a scroll of fog for 52 gold pieces
 27031 | Orc:2    | Bought a scroll of blinking for 97 gold pieces
 27031 | Orc:2    | Bought a scroll of blinking for 97 gold pieces
 27031 | Orc:2    | Bought a scroll of teleportation for 39 gold pieces
 27243 | Orc:2    | Found a runed translucent gate.
 27244 | Orc:2    | Found a runed translucent gate.
 27245 | Orc:2    | Found a runed translucent gate.
 27568 | Orc:2    | Noticed Saint Roka
 27607 | Orc:2    | Found Heklasup's Assorted Antiques.
 27757 | D:12     | Found a runed translucent door.
 27760 | D:12     | Noticed a tengu reaver
 27761 | D:12     | Noticed a fire giant
 27778 | D:12     | Killed a tengu reaver
 28638 | D:13     | Found a gate to the Vaults.
 29024 | D:13     | Acquired a manual of Stealth
 29535 | D:14     | Found a shimmering blue altar of Sif Muna.
 29641 | D:14     | Found a bloodstained altar of Trog.
 29987 | D:14     | You fall into a shaft and drop 1 floor!
 29987 | D:15     | Entered Level 15 of the Dungeon
 30270 | D:15     | Reached XP level 16. HP: 128/128 MP: 16/16
 31003 | D:15     | Learned a level 5 spell: Lee's Rapid Deconstruction
 31205 | D:15     | Found a staircase to the Depths.
 31443 | D:15     | Identified the +2 spear of the Insatiable Stories {spect,
                  | SInv}
 32253 | Orc:2    | Bought a scroll of teleportation for 93 gold pieces
 32253 | Orc:2    | Bought a lajatang for 465 gold pieces
 32474 | Orc:2    | Killed Saint Roka
 32620 | Orc:2    | Identified the +3 quick blade "Mymaisy" {flame, rC+ SInv}
 32620 | Orc:2    | Noticed peterlawrence's ghost (journeyman MiFi)
 32621 | Orc:2    | Found an iron altar of Okawaru.
 32779 | Elf:1    | Entered Level 1 of the Elven Halls
 33943 | Elf:1    | Got the Opusculum on Confrontation
 34021 | Elf:1    | Noticed Jorgrun
 34396 | Elf:1    | Reached skill level 1 in Stealth
 34978 | Elf:1    | Killed Jorgrun
 35435 | Elf:1    | Identified the +1 leather armour "Onaqas" {rF+ rC++ Int-5}
 35816 | Elf:2    | Reached skill level 5 in Stealth
 35849 | Elf:2    | Reached skill level 15 in Staves
 35928 | Elf:2    | Reached XP level 17. HP: 135/135 MP: 17/17
 36132 | Elf:2    | Paralysed by an air elemental for 1 turns
 36361 | Elf:2    | Found Suetuw's Distillery.
 36367 | Elf:2    | Found a runed translucent gate.
 36368 | Elf:2    | Found a runed translucent gate.
 36404 | Elf:2    | Found a runed translucent gate.
 36409 | Elf:2    | Bought a potion of curing for 36 gold pieces
 36409 | Elf:2    | Bought a potion of might for 48 gold pieces
 36409 | Elf:2    | Bought a potion of might for 48 gold pieces
 36710 | Elf:3    | Entered Level 3 of the Elven Halls
 36723 | Elf:3    | Noticed Aizul
 36744 | Elf:3    | Killed Aizul
 36848 | Elf:3    | Identified Roxanne's Quarto of Shapes
 36848 | Elf:3    | Noticed Roxanne
 36894 | Elf:3    | Killed Roxanne
 37014 | Elf:3    | Identified the +6 plate armour "Plog" {MP+9}
 37060 | Elf:3    | Noticed Louise
 37068 | Elf:3    | Reached skill level 10 in Stealth
 37069 | Elf:3    | Noticed a deep elf blademaster
 37071 | Elf:3    | Killed Louise
 37575 | Orc:2    | Bought a potion of experience for 1550 gold pieces
 37577 | Orc:2    | Reached XP level 18. HP: 144/144 MP: 18/18
 38402 | Shoals:1 | Entered Level 1 of the Shoals
 38619 | Shoals:1 | Found a hide-covered altar of Uskayaw.
 39176 | Snake:1  | Entered Level 1 of the Snake Pit
 39182 | Snake:1  | Reached skill level 1 in Evocations
 39499 | Snake:1  | Found a runed translucent gate.
 39500 | Snake:1  | Found a runed translucent gate.
 39501 | Snake:1  | Found a runed translucent gate.
 39501 | Snake:1  | Noticed LaMa's ghost (journeyman MfGl)
 39704 | Snake:1  | Found a snail-covered altar of Cheibriados.
 39995 | Snake:1  | Identified the +6 dagger "Asmebugg" {freeze, *Rage rElec
                  | Dex+10}
 40169 | Snake:1  | Reached skill level 5 in Evocations
 40726 | Snake:2  | Reached XP level 19. HP: 151/151 MP: 19/19
 42836 | Snake:3  | Identified the +1 leather armour "Volosh" {rN+}
 42877 | Snake:3  | Found Sioxzop's Antique Weapon Shoppe.
 42878 | Snake:3  | Found Lith's Distillery.
 42879 | Snake:3  | Found Rekk's Magic Scroll Boutique.
 42880 | Snake:3  | Found Qanoot's Antique Armour Shop.
 42949 | Snake:3  | Bought a scroll of fear for 68 gold pieces
 42949 | Snake:3  | Bought a scroll of teleportation for 51 gold pieces
 42949 | Snake:3  | Bought 3 scrolls of fear for 204 gold pieces
 42949 | Snake:3  | Bought a scroll of teleportation for 51 gold pieces
 42949 | Snake:3  | Bought a scroll of enchant weapon for 127 gold pieces
 42949 | Snake:3  | Bought a scroll of enchant weapon for 127 gold pieces
 42955 | Snake:3  | Bought a potion of heal wounds for 75 gold pieces
 42955 | Snake:3  | Bought a potion of heal wounds for 75 gold pieces
 42955 | Snake:3  | Bought a potion of haste for 150 gold pieces
 42955 | Snake:3  | Bought a potion of invisibility for 120 gold pieces
 42955 | Snake:3  | Bought a potion of might for 60 gold pieces
 42955 | Snake:3  | Bought a potion of might for 60 gold pieces
 43129 | Snake:4  | Entered Level 4 of the Snake Pit
 43601 | Snake:4  | Found a runed translucent door.
 44597 | Snake:4  | Reached skill level 10 in Evocations
 44763 | Snake:4  | Noticed Vashnia
 45051 | Snake:4  | Killed Vashnia
 47012 | Snake:4  | Got a serpentine rune of Zot
 47255 | Snake:4  | Noticed vinnietd's ghost (adept HaFi)
 47384 | Lair:2   | Reached XP level 20. HP: 150/160 MP: 18/20
 47619 | Orc:2    | Bought a potion of curing for 45 gold pieces
 47723 | Elf:3    | Noticed Bai Suzhen
 47743 | Elf:2    | Killed Bai Suzhen
 47744 | Elf:2    | Reached skill level 1 in Spellcasting
 47744 | Elf:2    | Reached skill level 1 in Earth Magic
 48313 | Elf:3    | Identified the +1 buckler "Gotzuh" {Fly}
 48316 | Elf:3    | Reached skill level 1 in Transmutations
 49098 | Elf:3    | Identified the +4 war axe "Wuse" {vorpal, rPois Str+3
                  | Int+3}
 49100 | Elf:3    | Got the Directory of Pessimism
 49122 | Elf:3    | Got the Dissertation on Frigorific Kindling
 49173 | Elf:3    | Identified the +1 scale mail of Lethargy {Dex+4}
 49266 | Elf:3    | Identified the +2 sling of the Eternal Warrior {freeze,
                  | rPois Str+2 SInv}
 50256 | Shoals:1 | Found a runed translucent gate.
 50261 | Shoals:1 | Found a runed translucent gate.
 50261 | Shoals:1 | Found a runed translucent gate.
 50850 | Shoals:1 | Noticed sangerfol's ghost (adept FoFi)
 51576 | Shoals:2 | Found Paw Joff's Magic Scroll Boutique.
 51577 | Shoals:2 | Noticed Ilsuiw
 51601 | Shoals:2 | Killed Ilsuiw
 51656 | Shoals:2 | Bought a scroll of teleportation for 33 gold pieces
 51656 | Shoals:2 | Bought a scroll of magic mapping for 82 gold pieces
 51848 | Shoals:2 | Identified the +2 ring mail of Levity {*Corrode Regen+
                  | Int+9}
 52171 | Shoals:2 | Reached skill level 5 in Transmutations
 52458 | Shoals:3 | Found Qeuracw's Magic Scroll Shop.
 52469 | Shoals:3 | Reached skill level 5 in Spellcasting
 52499 | Shoals:3 | Bought a scroll of blinking for 75 gold pieces
 52499 | Shoals:3 | Bought a scroll of teleportation for 30 gold pieces
 52499 | Shoals:3 | Bought a scroll of teleportation for 30 gold pieces
 52499 | Shoals:3 | Bought a scroll of teleportation for 30 gold pieces
 52499 | Shoals:3 | Bought a scroll of blinking for 75 gold pieces
 52499 | Shoals:3 | Bought a scroll of teleportation for 30 gold pieces
 52499 | Shoals:3 | Bought a scroll of teleportation for 30 gold pieces
 52499 | Shoals:3 | Bought a scroll of summoning for 95 gold pieces
 52499 | Shoals:3 | Bought a scroll of fog for 40 gold pieces
 53270 | Shoals:3 | Reached XP level 21. HP: 168/168 MP: 29/29
 53523 | Shoals:4 | Entered Level 4 of the Shoals
 53900 | Shoals:4 | Got a barnacled rune of Zot
 54776 | Shoals:4 | Found a runed translucent gate.
 54776 | Shoals:4 | Found a runed translucent gate.
 54776 | Shoals:4 | Found a runed translucent gate.
 54778 | Shoals:4 | Noticed DildoBatman's ghost (adept FoCj)
 55193 | Snake:3  | Bought the +3 Elemental Staff {rElec rF++ rC++ AC+5} for
                  | 2854 gold pieces
 55193 | Snake:3  | Found the +3 Elemental Staff {rElec rF++ rC++ AC+5}
 55418 | Elf:2    | Bought a potion of ambrosia for 96 gold pieces
 55511 | Vaults:1 | Entered Level 1 of the Vaults
 56148 | Vaults:1 | Identified the ring "Neuwki" {rF+ Will+ Str-5 Int+6 Slay-2}
 56657 | Vaults:1 | Identified the +3 dagger of Armageddon {vorpal, rElec rN++
                  | Int-3 SInv}
 57319 | Vaults:1 | Identified the +4 glaive "Ivvif" {spect, rElec MP+9}
 57870 | Vaults:1 | Reached skill level 5 in Earth Magic
 57872 | Vaults:1 | Reached XP level 22. HP: 166/176 MP: 34/34
 58818 | Vaults:2 | Acquired a manual of Fire Magic
 59005 | Vaults:2 | Paralysed by a floating eye for 4 turns
 60020 | Vaults:2 | Identified the +5 long sword of Theory {chaos, rF+ Dex+3}
 60356 | Vaults:3 | Found Xidiolla's Armour Emporium.
 60537 | Vaults:3 | Identified the +5 short sword "Tazicaso" {antimagic, *Rage
                  | rN+ Int+2}
 60572 | Vaults:3 | Found a staircase to the Crypt.
 60871 | Vaults:3 | Noticed Mennas
 60873 | Vaults:3 | Noticed Sojobo
 60884 | Vaults:3 | HP: 3/176 [Mennas/+4 eudemon blade of holy wrath (37)]
 60884 | Vaults:3 | Slain by Mennas

Illustrated notes

Levels and vault maps discovered:
D:1:      dpeg_arrival_rooms_with_view, layout_rooms
D:2:      layout_basic, uniq_natasha, uniq_sigmund
D:3:      layout_loops_cross, nicolae_overflow_hallway_of_the_gods,
          xom_redecorated, ebering_ecumenical_altar_mist,
          nicolae_shop_unique_rings
D:4:      cheibrodos_fertilizer, layout_basic, hangedman_decor_clover_reticule,
          minmay_pentangle
D:5:      layout_basic, minmay_misc_feat_tiny, uniq_ijyb
D:6:      layout_loops_ring, mainiacjoe_overflow_concentric_impassable,
          lemuel_tele_altar
D:7:      layout_loops_ring, mainiacjoe_overflow_chevrons,
          minmay_temple_entry_drinking_statues, enter_bailey_2,
          kennysheep_generic_room_2, uniq_prince_ribbit1
D:8:      layout_loops_cross, slow_altar_1, uniq_erica
D:9:      nzn_winding_woodlands_small [nzn_winding_woodlands_5x15_default,
          nzn_winding_woodlands_center_triple_pond,
          nzn_winding_woodlands_5x15_sawtooth], layout_small_grid,
          nzn_wu_jian_contemplation, kennysheep_mini_moat
D:10:     layout_basic, due_lair_maze_entry_diamond
D:11:     layout_layer_cave, serial_shops, shop, nicolae_uskayaw_dance_studio
D:12:     minmay_the_grid_four_pointed_star_mashed
          [minmay_the_grid_triangle_9x9_fully_insulated_deathbox,
          minmay_the_grid_triangle_9x9_zippers_vertical,
          minmay_the_grid_triangle_9x9_subtriangle,
          minmay_the_grid_triangle_9x9_shrine,
          minmay_the_grid_prize_diamond_cup], layout_gridville
D:13:     layout_roguey, erik_vaults_1, minivault_26
D:14:     layout_rooms, led_sif_pool, trog_butcher_becter
D:15:     hangedman_depths_entry_civil_slaughter, layout_loops_corners
Temple:   zaba_magenta_temple
Lair:1:   minmay_lair_oklob_chamber, layout_chaotic_city, gammafunk_ghost_ooze,
          nicolae_volcano_entry_batcave, uniq_nergalle, uniq_joseph
Lair:2:   layout_regular_city, infiniplex_staircase_pool_2
Lair:3:   layout_loops_ring, elwin_shoals_entry_rooms,
          minmay_snake_entry_six_corridors, gammafunk_ghost_split,
          portal_ice_cave_rime
Lair:4:   layout_gridlike, minmay_slime_entry_oklob_open,
          ebering_ghost_funeral_grove, grunt_megastairs_2,
          infiniplex_staircase_pool, uniq_snorg
Lair:5:   gammafunk_lair_ancient_temple, layout_small_grid, lemuel_fruit_tree
Shoals:1: layout_shoals, ebering_ghost_rock_garden, regret_index_shoals_crete
Shoals:2: layout_shoals, serial_shops, nicolae_shop_stone, uniq_ilsuiw
Shoals:3: layout_shoals, serial_shops, shop
Shoals:4: shoals_end_grunt_ice, layout_shoals, gammafunk_ghost_necromancy,
          nicolae_shoals_lost_giant_pillars
Snake:1:  minmay_snake_river, layout_honeycomb, gammafunk_ghost_split,
          basic_altar, serial_bayou_shore_b
Snake:2:  layout_chambers
Snake:3:  layout_rooms, nicolae_wooded_promenade, chequers_hall_statues_wall_a
Snake:4:  johnstein_snake_rune_scales, layout_gridlike,
          ebering_ghost_reflecting_pool, grunt_megastairs_3
Orc:1:    layout_diamond_mine
Orc:2:    st_orc_ogre_mass, layout_caves, serial_shops, shop,
          gammafunk_ghost_fury_of_okawaru, uniq_saint_roka, uniq_rupert
Elf:1:    minmay_elf_arrival_plus, layout_rooms, minmay_elf_annihilation,
          uniq_jorgrun
Elf:2:    elven_hall_of_blades_hangedman_original
          [nicolae_blade_entry_crossed_weapons], layout_onion_city,
          serial_shops, shop
Elf:3:    minmay_elf_hall, layout_rooms, guppyfry_elf_castle, uniq_bai_suzhen,
          uniq_aizul, uniq_roxanne, uniq_louise
Vaults:1: hangedman_vaults_trim, hangedman_vaults_nodes,
          nicolae_vaults_little_squares_4, nicolae_vaults_hallways_thing,
          v_misc_18, ontoclasm_vaults_claustrophobia,
          nicolae_vaults_three_branches, nicolae_vaults_little_squares_1,
          vaults_room_fours, st_eye, nicolae_vaults_little_squares_4,
          nicolae_vaults_angled_halls, vaults_room_grunt_arrival_ludios,
          layout_vaults_big_room
Vaults:2: vaults_room_stairs_pillars, vaults_room_fours, ontoclasm_vaults_idyll,
          nicolae_vaults_specimen_jars, hangedman_vaults_cutoff,
          nicolae_vaults_windows_and_doors_thing, st_greater_box_1,
          vaults_room_grid, v_misc_24, v_misc_33, vaults_room_pools,
          layout_vaults_omnibox
Vaults:3: v_misc_17, grunt_vaults_hallway_short,
          nicolae_vaults_little_squares_6, nicolae_vaults_ninety_degrees,
          nicolae_vaults_little_squares_5, nicolae_vaults_rhombus_5,
          nicolae_vaults_mini_display_case, layout_vaults_quadrants,
          dummy_crypt_entry, serial_shops, nicolae_shop_behind_doors,
          uniq_sojobo, uniq_mennas

Skill      XL: |  1  2  3  4  5  6  7  8  9 10 11 12 13 14 15 16 17 18 19 20 21 22 |
---------------+-------------------------------------------------------------------+-----
Fighting       | 3 4 5 6 8 9 11 12 14 16 18 19 20 21 22 | 22.2
Staves         | 4 5 6 7 8 10 11 12 15 16 17 18 | 18.2
Dodging        | 4 5 6 7 8 9 11 12 14 16 18 19 20 21 22 | 22.3
Stealth        | 6 10 11 12 | 12.5
Evocations     | 5 11 | 11.5
Spellcasting   | 5 8 9 |  9.9
Earth Magic    | 1 5 7 |  7.0
Transmutations | 5 7 9 |  9.0
Throwing       | |  2.1

Action                   |  1- 3 |  4- 6 |  7- 9 | 10-12 | 13-15 | 16-18 | 19-21 | 22-24 || total
-------------------------+-------+-------+-------+-------+-------+-------+-------+-------++-------
Melee: Quarterstaff      |    94 |    57 |   346 |   434 |  1037 |    76 |       |       ||  2044
       Constrict         |    18 |    15 |    80 |    76 |   106 |   103 |   178 |    42 ||   618
       Tentacles         |    18 |    10 |    95 |   132 |   353 |   155 |   329 |   117 ||  1209
       Punch             |       |     1 |     5 |     9 |    21 |    14 |    26 |     9 ||    85
       Lajatang          |       |       |       |       |       |   454 |   957 |   309 ||  1720
       Staff             |       |       |       |       |       |       |    32 |       ||    32
Throw: Throwing net      |       |       |       |     1 |       |       |       |       ||     1
 Cast: Wereblood         |       |       |       |       |       |       |     1 |       ||     1
Invok: Potion Petition   |       |       |       |       |     4 |       |     2 |     1 ||     7
Evoke: Wand              |       |       |     9 |    12 |    19 |     9 |       |       ||    49
       Condenser vane    |       |       |       |       |     2 |     3 |     7 |     2 ||    14
       Phial of floods   |       |       |       |       |       |       |     1 |       ||     1
       Tin of tremorston |       |       |       |       |       |       |     4 |       ||     4
       Phantom mirror    |       |       |       |       |       |       |     2 |       ||     2
       Box of beasts     |       |       |       |       |       |       |       |     1 ||     1
  Use: Potion            |     4 |       |     3 |     6 |     2 |     2 |     2 |     4 ||    23
       Scroll            |       |       |    13 |    11 |    13 |    15 |    15 |     3 ||    70
 Stab: Sleeping          |     8 |     6 |    10 |       |    16 |    27 |    32 |    13 ||   112
       Invisible         |     1 |       |       |       |       |       |       |       ||     1
       Distracted        |       |       |     1 |     6 |    12 |     8 |    30 |     3 ||    60
       Paralysed         |       |       |       |       |     1 |       |       |       ||     1
       Confused          |       |       |       |       |     6 |       |       |       ||     6
Armor: Skin              |     9 |     1 |    26 |    33 |    32 |     7 |    32 |    10 ||   150
Dodge: Dodged            |    58 |    29 |   277 |   388 |  1086 |   521 |  1155 |   337 ||  3851
Block: Buckler           |       |       |       |       |       |       |    18 |       ||    18
